 Dungeon Crawl Stone Soup version 0.31.0-32-g396128a36d (webtiles) character file.

Game seed: 2363004375830026701

298 Destapler the Ruffian (level 6, -2/33 (47) HPs)
             Began as a Demonspawn Shapeshifter on Mar 17, 2024.
             Was a Priest of Kikubaaqudgha.
             Slain by Duvessa
             ... wielding a +0 short sword
              (6 damage)
             ... on level 4 of the Dungeon.
             The game lasted 00:06:36 (2453 turns).

Destapler the Ruffian (Demonspawn Shapeshifter)     Turns: 2453, Time: 00:06:37

HP:   -2/33 (47)    AC:  5    Str: 10 (13) XL:     6   Next: 13%
MP:   6/6           EV: 11    Int: 15 (16) God:    Kikubaaqudgha [***...]
Gold: 214           SH:  4    Dex:  9 (12) Spells: 5/5 levels left

rFire   . .          .
                       - Unarmed
rCold   . . .        (no shield)
rNeg    . . .        k - +0 leather armour
rPois   .            (helmet currently unavailable)
rElec   .            (cloak currently unavailable)
rCorr   .            (gloves currently unavailable)
SInv    .            (boots currently unavailable)
Will    +....        (no amulet)
Stlth   +            (no ring)
HPRegen 0.25/turn    (no ring)
MPRegen 0.10/turn

%: no passive effects
@: beast-form, enlightened, flying, very heavily drained
A: beast (slay +2), slimy green scales 1, powered by death 2, condensation
shield, weakness stinger 1, clever 1, wild magic 1
a: Begin Untransformation, Renounce Religion, Unearth Wretches


You were on level 4 of the Dungeon.
You worshipped Kikubaaqudgha.
Kikubaaqudgha was most pleased with you.
You were a hulking beast.
You visited 1 branch of the dungeon, and saw 4 of its levels.

You collected 214 gold pieces.

Inventory:

Armour
 a - a +0 animal skin
 b - the +1 leather armour of Zin's Supremacy {Harm Str+2 Int+2}
   (You found it on level 4 of the Dungeon)

   Str+2:     It affects your strength (+2).
   Int+2:     It affects your intelligence (+2).
   Harm:      It increases damage dealt and taken.
 j - a +0 pair of boots
 k - a +0 leather armour (worn)
 t - an orb of light
Jewellery
 l - a +5 ring of evasion
Talismans
 c - a beast talisman
 d - a flux talisman
Scrolls
 f - a scroll of identify
 m - a scroll of revelation {unknown}
 n - a scroll of amnesia {unknown}
 q - a scroll of fear {unknown}
 s - a scroll of poison {unknown}
 u - a scroll of torment {unknown}
 w - a scroll of brand weapon {unknown}


   Skills:
 + Level 3.1 Fighting
 + Level 3.2 Dodging
 + Level 3.9 Unarmed Combat
 + Level 3.6 Shapeshifting


You had 5 spell levels left.
You didn't know any spells.
Your spell library contained the following spells:

 Spells                   Type           Power      Damage    Failure   Level
 Kiss of Death            Conj/Necr      0%         2d5       45%         1
 Cigotuvi's Dreadful Rot  Necr/Alch/Air  0%         N/A       58%         2
 Ensorcelled Hibernation  Hex/Ice        0%         N/A       58%         2
 Sublimation of Blood     Necr           0%         N/A       58%         2
 Fugue of the Fallen      Necr           0%         N/A       80%         3
 Anguish                  Hex/Necr       0%         N/A       99%         4
 Dispel Undead            Necr           0%         3d6       99%         4
 Borgnjor's Vile Clutch   Necr/Erth      0%         N/A       100%        5
 Death Channel            Necr           0%         N/A       100%        6


Dungeon Overview and Level Annotations

Branches:
Dungeon (4/15)
 Temple: D:4-7

Altars:
Kikubaaqudgha

Annotations:
D:4 Dowan, Duvessa


Innate Abilities, Weirdness & Mutations

You are a hulking beast.
Your limbs bulge with bestial killing power. (Slay +2)
You are partially covered in slimy green scales. (AC +2)
You regenerate health from kills.
A meltable shield of frost defends you. (SH +4)
You have a small tail.
Your mind is acute. (Int +4, Str/Dex -1)
Your spells are a little harder to cast, but a little more powerful.


Message History

h - a potion of cancellation Duvessa hits you with a +0 short sword!
The orc hits you with a +0 club. Dowan casts a spell at you.
You resist with significant effort.
You feel strangely stable.
Your magical effects are unravelling.
You feel magically purged.
You feel your willpower return. Duvessa closely misses you.
The orc hits you but does no damage. The orc barely misses you.
Dowan casts a spell.
Dowan blinks!
Duvessa hits you with a +0 short sword.
* * * LOW HITPOINT WARNING * * *
You feel very buoyant.
You fly up into the air.
Duvessa closely misses you.
An orc comes into view. It is wielding a +0 whip.
You block the orc's attack. The orc misses you.
It was a potion of degeneration.
There was something very wrong with that liquid.
You feel weakened.
You feel dopey.
You feel clumsy. You block Duvessa's attack.
Something hits you but does no damage. The orc hits you with a +0 club.
* * * LOW HITPOINT WARNING * * *
The orc barely misses you. Duvessa barely misses you.
It was a potion of mutation.
You feel extremely strange.
You feel clever.
You feel less in control of your magic. Duvessa hits you with a +0 short sword!
* * * LOW HITPOINT WARNING * * *
Something hits you.
* * * LOW HITPOINT WARNING * * *
The orc completely misses you.
Dowan says, "My weaknesses are her strengths!"
You aren't carrying any potions.
Okay, then.
As you read the scroll labelled LEFAWNILES, it crumbles to dust.
It is a scroll of enchant weapon.
You aren't carrying any weapons that can be enchanted.
Duvessa hits you with a +0 short sword.
You die...
Kikubaaqudgha rasps: "You have failed me!
Welcome... death!"

#.### #.........# #....
#..?.>....# #####
#....o....# # #.......>.#
...... #.........# .#####
#.....$...# #...o{e...#
###### #...oho...# ......
#...e...$.# ......
#.........######......
########'#............
#.........#......
#.........#......
#.........###....
##........# #....
############........###....


You could see Duvessa (fast, weak-willed), Dowan (weak-willed) and 4 orcs.

Vanquished Creatures
  A scorpion (D:4)
  A bombardier beetle (D:3)
  An orc priest (D:4)
  An iguana (D:4)
  A sleepcap (D:4)
  Natasha (D:2)
  3 adders (D:2)
  A dart slug (D:1)
  4 orcs
  4 ball pythons
  4 endoplasms
  6 giant cockroaches
  5 goblins
  9 hobgoblins
  7 jackals
  3 quokkas
  5 bats
  4 frilled lizards
  5 kobolds
  4 rats
70 creatures vanquished.

Notes
Turn   | Place    | Note
-------+----------+-------------------------------------------
     0 | D:1      | Destapler the Demonspawn Shapeshifter began the quest for
                  | the Orb.
     0 | D:1      | Reached XP level 1. HP: 15/15 MP: 1/1
   103 | D:1      | Found a faded altar of an unknown god.
   120 | D:1      | Gained mutation: You regenerate a little health from kills.
                  | [demonic ancestry]
   120 | D:1      | Reached XP level 2. HP: 14/21 MP: 2/2
   121 | D:1      | Prayed at the altar of an unknown god.
   121 | D:1      | Became a worshipper of Kikubaaqudgha
   121 | D:1      | Reached * piety under Kikubaaqudgha
   121 | D:1      | Received a gift from Kikubaaqudgha
   335 | D:1      | Gained mutation: You are partially covered in slimy green
                  | scales. (AC +2) [demonic ancestry]
   335 | D:1      | Reached XP level 3. HP: 27/27 MP: 3/3
   714 | D:2      | Reached ** piety under Kikubaaqudgha
   947 | D:2      | Gained mutation: You regenerate health from kills. [demonic
                  | ancestry]
   947 | D:2      | Reached XP level 4. HP: 33/33 MP: 4/4
  1086 | D:2      | Noticed Natasha
  1099 | D:2      | Killed Natasha
  1964 | D:3      | Gained mutation: A meltable shield of frost defends you.
                  | (SH +4) [demonic ancestry]
  1964 | D:3      | Reached XP level 5. HP: 4/39 MP: 5/5
  2392 | D:4      | Gained mutation: You have a small tail. [demonic ancestry]
  2392 | D:4      | Reached XP level 6. HP: 41/41 MP: 6/6
  2399 | D:4      | Reached *** piety under Kikubaaqudgha
  2399 | D:4      | Received a gift from Kikubaaqudgha
  2441 | D:4      | Noticed Dowan
  2442 | D:4      | Noticed Duvessa
  2443 | D:4      | Identified the +1 leather armour of Zin's Supremacy {Harm
                  | Str+2 Int+2}
  2452 | D:4      | Gained mutation: Your mind is acute. (Int +4, Str/Dex -1)
                  | [potion of mutation]
  2452 | D:4      | Gained mutation: Your spells are a little harder to cast,
                  | but a little more powerful. [potion of mutation]
  2453 | D:4      | Slain by Duvessa

Illustrated notes

Levels and vault maps discovered:
D:1:      tarquinn_simple_flora_water_b, layout_rooms,
          ebering_ecumenical_altar_webs, minmay_worlds_worst_comb
D:2:      layout_basic, uniq_natasha
D:3:      layout_loops_cross
D:4:      layout_basic, uniq_duvessa

Skill      XL: |  1  2  3  4  5 |
---------------+----------------+-----
Dodging        | 2 3 |  3.2
Unarmed Combat | 3 |  3.9
Fighting       | 2 3 |  3.1
Shapeshifting  | 3 |  3.6

Action                     |  1- 3 |  4- 6 || total
---------------------------+-------+-------++-------
  Melee: Unarmed           |   138 |   126 ||   264
         Punch             |     1 |     3 ||     4
    Use: Potion            |       |     7 ||     7
         Scroll            |       |     5 ||     5
 Armour: Animal skin       |    65 |       ||    65
         Leather armour    |    41 |    55 ||    96
         Skin              |       |    46 ||    46
  Dodge: Dodged            |   125 |    76 ||   201
  Block: Other             |       |    25 ||    25
